 Dungeon Crawl Stone Soup version 0.30.1 (webtiles) character file.

Game seed: 5112336205173025

123 shmup the Firebug (level 5, -1/28 HPs)
             Began as a Tengu Fire Elementalist on July 12, 2023.
             Slain by a gnoll
             ... wielding a +0 whip
             ... led by a gnoll bouda
              (3 damage)
             ... on level 4 of the Dungeon.
             The game lasted 00:06:48 (3373 turns).

shmup the Firebug (Tengu Fire Elementalist)         Turns: 3373, Time: 00:06:48

Health: -1/28      AC:  2    Str:  9    XL:     5   Next: 7%
Magic:  2/9        EV: 15    Int: 17    God:
Gold:   170        SH:  0    Dex: 14    Spells: 6/9 levels left

rFire   . . .        b - +3 dagger
rCold   . . .        (no shield)
rNeg    . . .        k - +0 robe
rPois   .            (helmet restricted)
rElec   .            (no cloak)
rCorr   +            (no gloves)
SInv    .            (boots unavailable)
Will    .....        (no amulet)
Stlth   ++           o - ring of resist corrosion
HPRegen 0.24/turn    (no ring)
MPRegen 0.11/turn

%: no passive effects
@: flying quickly and evasively, quick
A: beak, talons 3, nimble flight
a: no special abilities


You were on level 4 of the Dungeon.
You visited 1 branch of the dungeon, and saw 4 of its levels.

You collected 170 gold pieces.

Inventory:

Hand Weapons
 a - a +2 short sword of venom
 b - a +3 dagger (weapon)
Missiles
 d - 4 stones (quivered)
 j - 2 boomerangs
Armour
 k - a +0 robe (worn)
Jewellery
 o - a ring of resist corrosion (left hand)
Scrolls
 l - 2 scrolls of enchant weapon {unknown}
 m - a scroll of silence {unknown}
 n - 2 scrolls of identify {unknown}
 q - a scroll of magic mapping {unknown}
Potions
 c - a potion of lignification {unknown}
 e - a potion of berserk rage {unknown}
 f - a potion of magic
 g - 2 potions of heal wounds {unknown}
 h - a potion of might {unknown}
 i - a potion of curing {unknown}
 p - a potion of mutation {unknown}


   Skills:
 + Level 2.9 Dodging
 + Level 2.7 Stealth
 + Level 2.6 Spellcasting
 + Level 2.8 Conjurations
 * Level 4.4 Fire Magic


You had 6 spell levels left.
You knew the following spells:

 Your Spells              Type           Power      Damage    Failure   Level
a - Foxfire               Conj/Fire      56%        2x1d6     4%          1
b - Scorch                Fire           34%        2d6       4%          2

Your spell library contained the following spells:

 Spells                   Type           Power      Damage    Failure   Level
 Inner Flame              Hex/Fire       9%         N/A       22%         3
 Volatile Blastmotes      Fire/Tloc      18%        2d11      22%         3
 Flame Wave               Conj/Fire      14%        2d6       38%         4


Dungeon Overview and Level Annotations

Branches:
Dungeon (4/15)
 Temple: D:4-7

Altars:
Wu Jian


Innate Abilities, Weirdness & Mutations

You have a beak for a mouth.
You have claws for feet.
Your magical nature lets you fly swiftly and evasively.


Message History

The gnoll bouda calls upon its god to heal the gnoll.
The gnoll's wounds heal themselves!
Items here: % ).
The gnoll bouda calls upon its god to heal the gnoll.
The gnoll is healed somewhat.
The gnoll bouda gazes fiercely through you!
You feel your attacks grow feeble.
Casting: Foxfire (safe; 4% risk of failure)
Confirm with . or Enter, or press ? or * to list all spells.
Flames lash the gnoll.
The gnoll is heavily wounded.
The gnoll's fire resistance burns away.
Your attacks no longer feel as feeble.
The gnoll bouda barks out a call to the hunt!
The gnoll picks up the pace!
The gnoll bouda calls upon its god to heal the gnoll.
The gnoll's wounds heal themselves!
The gnoll bouda gazes fiercely through you!
You feel your attacks grow feeble.
The gnoll hits you from afar with a +0 spear.
* * * LOW HITPOINT WARNING * * *
The gnoll hits you from afar with a +0 spear.
* * * LOW HITPOINT WARNING * * *
The gnoll bouda gazes fiercely through you!
You feel as though you will be weak longer.
The gnoll hits you from afar with a +0 spear!
* * * LOW HITPOINT WARNING * * *
The gnoll is no longer moving quickly.
The gnoll bouda barks out a call to the hunt!
The gnoll picks up the pace!
Your attacks no longer feel as feeble.
The gnoll is no longer moving quickly.
The gnoll hits you from afar with a +0 spear.
* * * LOW HITPOINT WARNING * * *
The gnoll bouda barks out a call to the hunt!
The gnoll picks up the pace!
You hear a shout!
There is a stone staircase leading up here.
The gnoll hits you with a +0 whip.
You die...

▒▒▒▒▒▒▒ ▒.Q...▒
▒▒▒▒g....▒ ▒▒▒
▒....g...▒
▒▒.▒▒▒▒.▒▒.....▒
▒▒>..▒..........▒
▒▒▒▒▒.g..g.▒.▒▒.▒.▒▒▒
.............▒▒.▒.▒
▒▒▒▒▒▒▒.▒▒.▒▒▒▒.▒.▒
▒.▒▒.▒ ▒.▒.▒


You could see a gnoll bouda and 2 gnolls.

Vanquished Creatures
  An orc priest (D:3)
  2 adders
  2 worms (D:2)
  3 dart slugs
  5 orcs
  An endoplasm (D:2)
  5 giant cockroaches
  7 goblins
  6 hobgoblins
  2 jackals (D:3)
  3 quokkas
  3 ball pythons
  4 bats (D:1)
  2 frilled lizards
  7 kobolds
  5 rats
58 creatures vanquished.

Vanquished Creatures (others)
  57 foxfires
57 creatures vanquished.

Grand Total: 115 creatures vanquished

Notes
Turn   | Place    | Note
-------+----------+-------------------------------------------
     0 | D:1      | shmup the Tengu Fire Elementalist began the quest for the
                  | Orb.
     0 | D:1      | Reached XP level 1. HP: 10/10 MP: 4/4
   333 | D:1      | Reached XP level 2. HP: 14/15 MP: 3/6
  1052 | D:2      | Learned a level 2 spell: Scorch
  1057 | D:2      | Reached XP level 3. HP: 19/19 MP: 0/7
  1579 | D:2      | Reached skill level 4 in Fire Magic
  2060 | D:3      | Reached XP level 4. HP: 24/24 MP: 1/8
  2226 | D:3      | Found an ornate altar of the Wu Jian Council.
  2793 | D:3      | Gained mutation: Your magical nature lets you fly swiftly
                  | and evasively. [Tengu growth]
  2793 | D:3      | Reached XP level 5. HP: 18/28 MP: 2/9
  3370 | D:4      | HP: 1/28 [gnoll/+0 spear[a gnoll bouda] (5)]
  3373 | D:4      | Slain by a gnoll

Illustrated notes

Levels and vault maps discovered:
D:1:      lightli_arrival_farm, layout_basic
D:2:      layout_loops_ring
D:3:      layout_basic, mainiacjoe_overflow_cross_hatched
D:4:      layout_loops_corners, chequers_temple_overflow_minitemple,
          serial_forest, infiniplex_forest_clump_diagonal,
          infiniplex_forest_fountain, infiniplex_forest_pool,
          infiniplex_forest_lined_corner, infiniplex_forest_straight_5,
          infiniplex_forest_lined_3, infiniplex_forest_clump_curved,
          infiniplex_forest_lined_2, infiniplex_forest_lined_ring,
          chequers_serial_rivers_micro_b, uniq_pikel

Skill      XL: |  1  2  3 |
---------------+----------+-----
Conjurations   | 2 |  2.8
Fire Magic     | 4 |  4.4
Dodging        | |  2.9
Stealth        | |  2.7
Spellcasting   | |  2.6

Action                     |  1- 3 |  4- 6 || total
---------------------------+-------+-------++-------
  Melee: Club              |    12 |       ||    12
         Kick              |     4 |     1 ||     5
         Dagger            |     6 |     8 ||    14
         Peck              |       |     1 ||     1
  Throw: Stone             |     4 |       ||     4
   Cast: Foxfire           |    29 |     8 ||    37
         Scorch            |    18 |    22 ||    40
   Stab: Sleeping          |       |     1 ||     1
 Armour: Robe              |     4 |     1 ||     5
  Dodge: Dodged            |    11 |    11 ||    22
